BR (22 & UNDER)
ELKINS STING RAYS @ INDIAN HILLS VOODOO
08/30/2030
 
TOP OF THE 1ST
Elkins Sting Rays batting - Pitching for Indian Hills Voodoo : RHP John Belcher
Pitching: RHP John Belcher
Batting: LHB Jesús Miranda 0-0: Ball
1-0: Ground out 4-3 (Groundball, 4D)
Batting: LHB Dax Valdéz 0-0: Ball
1-0: Ground out 4-3 (Groundball, 4M)
Batting: RHB Emery Cooper 0-0: Swinging Strike
0-1: Swinging Strike
0-2: Ball
1-2: Strikes out swinging
Top of the 1st over - 0 runs, 0 hits, 0 errors, 0 left on base; Elkins 0 - Indian Hills 0
BOTTOM OF THE 1ST
Indian Hills Voodoo batting - Pitching for Elkins Sting Rays : LHP Reed MacIntosh
Pitching: LHP Reed MacIntosh
Batting: LHB Tomás Gonzáles 0-0: Called Strike
0-1: SINGLE (Groundball, 4D)
Batting: RHB Enrique García 0-0: Swinging Strike
0-1: Ball
1-1: Ball
2-1: Fielders Choice at 2nd, 6-4 (Groundball, 56)
Batting: RHB Alejandro Dalumba 0-0: Ball
1-0: SINGLE (Groundball, 6MD)
Enrique García to second
Batting: RHB Juan Romero 0-0: Fly out, F8 (Flyball, 8LD)
Batting: RHB Thad Hunter 0-0: Ball
1-0: Ball
2-0: Called Strike
2-1: Foul Ball, location: 2F
2-2: Fly out, F9 (Flyball, 9S)
Bottom of the 1st over - 0 runs, 2 hits, 0 errors, 2 left on base; Elkins 0 - Indian Hills 0
TOP OF THE 2ND
Elkins Sting Rays batting - Pitching for Indian Hills Voodoo : RHP John Belcher
Batting: LHB Bruce Shelton 0-0: Ball
1-0: Called Strike
1-1: Ball
2-1: Called Strike
2-2: SINGLE (Groundball, 34D)
Batting: RHB Tulu Mbita 0-0: Fly out, F6 (Line Drive, 6M)
Batting: RHB Félix Chávez 0-0: Ball
1-0: Called Strike
1-1: Swinging Strike
1-2: Ground out 5-3 (Groundball, 56S)
Bruce Shelton to second
Batting: RHB César López 0-0: Ball
1-0: Called Strike
1-1: Swinging Strike
1-2: Ball
2-2: Foul Ball, location: 2F
2-2: SINGLE (Groundball, 6MD)
Bruce Shelton to third
Runner from 3rd tries for Home, SAFE, no throw
Batting: RHB Joe Davis 0-0: Swinging Strike
0-1: Ball
1-1: Ball
2-1: Called Strike
2-2: Foul Ball, location: 2F
2-2: Foul Ball, location: 2F
2-2: Foul Ball, location: 2F
2-2: Ball
César López steals 2nd base
3-2: Ground out 5-3 (Groundball, 56)
Top of the 2nd over - 1 run, 2 hits, 0 errors, 1 left on base; Elkins 1 - Indian Hills 0
BOTTOM OF THE 2ND
Indian Hills Voodoo batting - Pitching for Elkins Sting Rays : LHP Reed MacIntosh
Batting: RHB Nelson Zavala 0-0: Ball
1-0: Called Strike
1-1: Ball
2-1: Fly out, F5 (Line Drive, 5)
Batting: LHB Dave Wilkinson 0-0: Ball
1-0: Fly out, F9 (Flyball, 9LS)
Batting: RHB Tim Wise 0-0: Ball
1-0: Fly out, F7 (Flyball, 7D)
Bottom of the 2nd over - 0 runs, 0 hits, 0 errors, 0 left on base; Elkins 1 - Indian Hills 0
TOP OF THE 3RD
Elkins Sting Rays batting - Pitching for Indian Hills Voodoo : RHP John Belcher
Batting: LHB Rafael Carrión 0-0: Foul Ball, location: 2F
0-1: Foul Ball, location: 2F
0-2: Ground out 4-3 (Groundball, 4)
Batting: LHB Jesús Miranda 0-0: Ball
1-0: Ball
2-0: Called Strike
2-1: Foul Ball, location: 2F
2-2: Ball
3-2: Ground out 6-3 (Groundball, 6)
Batting: LHB Dax Valdéz 0-0: Ball
1-0: Ball
2-0: Foul Ball, location: 2F
2-1: Ball
3-1: Base on Balls
Batting: RHB Emery Cooper 0-0: Fly out, F7 (Line Drive, 78D)
Top of the 3rd over - 0 runs, 0 hits, 0 errors, 1 left on base; Elkins 1 - Indian Hills 0
BOTTOM OF THE 3RD
Indian Hills Voodoo batting - Pitching for Elkins Sting Rays : LHP Reed MacIntosh
Batting: RHB Jake Holmes 0-0: Called Strike
0-1: Ball
1-1: Ground out 4-3 (Groundball, 4)
Batting: LHB Tomás Gonzáles 0-0: Ball
1-0: Foul Ball, location: 2F
1-1: Ball
2-1: Fly out, F7 (Line Drive, 7)
Batting: RHB Enrique García 0-0: Ball
1-0: Foul Ball, location: 2F
1-1: Single, Error in OF, E7, batter to second base
Batting: RHB Alejandro Dalumba 0-0: Called Strike
0-1: 2-RUN HOME RUN (Flyball, 78XD), Distance : 390 ft
Batting: RHB Juan Romero 0-0: Ground out 4-3 (Groundball, 34)
Bottom of the 3rd over - 2 runs, 2 hits, 1 error, 0 left on base; Elkins 1 - Indian Hills 2
TOP OF THE 4TH
Elkins Sting Rays batting - Pitching for Indian Hills Voodoo : RHP John Belcher
Batting: LHB Bruce Shelton 0-0: Called Strike
0-1: SINGLE (Groundball, 4MS) (infield hit)
Batting: RHB Tulu Mbita 0-0: Ball
Bruce Shelton steals 2nd base
1-0: Called Strike
1-1: Hit by Pitch
Batting: RHB Félix Chávez 0-0: Ball
1-0: Called Strike
1-1: Fly out, F9 (Flyball, 89D)
Runner from 2nd tags up, SAFE at 3rd, no throw
Batting: RHB César López 0-0: Ball
1-0: Ball
2-0: DOUBLE (Flyball, 78D)
Bruce Shelton scores
Tulu Mbita to third
Batting: RHB Joe Davis 0-0: Fly out, F8 (Flyball, 8LD)
Runner from 3rd tags up, SCORES, throw made
Batting: LHB Rafael Carrión 0-0: Ball
1-0: SINGLE (Groundball, 3D)
César López to third
Runner from 3rd tries for Home, SAFE, no throw
Batting: LHB Jesús Miranda 0-0: Ball
1-0: Called Strike
1-1: Ball
2-1: Foul Ball, location: 2F
2-2: Strikes out swinging
Top of the 4th over - 3 runs, 3 hits, 0 errors, 1 left on base; Elkins 4 - Indian Hills 2
BOTTOM OF THE 4TH
Indian Hills Voodoo batting - Pitching for Elkins Sting Rays : LHP Reed MacIntosh
Batting: RHB Thad Hunter 0-0: Ball
1-0: Ball
2-0: Called Strike
2-1: Foul Ball, location: 2F
2-2: Foul Ball, location: 2F
2-2: SINGLE (Groundball, 6) (infield hit)
Batting: RHB Nelson Zavala 0-0: DOUBLE (Line Drive, 7LM)
Thad Hunter to third
Batting: LHB Dave Wilkinson 0-0: Called Strike
0-1: Ball
1-1: Fly out, F9 (Flyball, 9S)
Runner from 3rd tags up, SCORES, throw made
Batting: RHB Tim Wise 0-0: Ball
1-0: Swinging Strike
1-1: Called Strike
1-2: Ball
2-2: Ball
3-2: Strikes out looking
Batting: RHB Jake Holmes 0-0: Ground out U3 (Groundball, 34S)
Bottom of the 4th over - 1 run, 2 hits, 0 errors, 1 left on base; Elkins 4 - Indian Hills 3
TOP OF THE 5TH
Elkins Sting Rays batting - Pitching for Indian Hills Voodoo : RHP John Belcher
Batting: LHB Dax Valdéz 0-0: Ball
1-0: Called Strike
1-1: Ball
2-1: Ball
3-1: Swinging Strike
3-2: Ground out U3 (Groundball, 3L)
Batting: RHB Emery Cooper 0-0: Called Strike
0-1: SOLO HOME RUN (Flyball, 7LD), Distance : 334 ft
Batting: LHB Bruce Shelton 0-0: DOUBLE (Line Drive, 5D)
Batting: RHB Tulu Mbita 0-0: Called Strike
0-1: Foul Ball, location: 2F
0-2: Ground out 6-3 (Groundball, 6)
Bruce Shelton to third
Batting: RHB Félix Chávez 0-0: Called Strike
0-1: Foul Ball, location: 2F
0-2: Ball
1-2: Ball
2-2: Ball
3-2: DOUBLE (Groundball, 3L)
Bruce Shelton scores
Batting: RHB César López 0-0: SINGLE (Line Drive, 89S)
Félix Chávez to third
Runner from 3rd tries for Home, SAFE, no throw
Pitching: RHP Ángel Quińones
Batting: RHB Joe Davis 0-0: Ball
1-0: Ball
2-0: 2-RUN HOME RUN (Flyball, 7D), Distance : 363 ft
Batting: LHB Rafael Carrión 0-0: Ball
1-0: Swinging Strike
1-1: Ball
2-1: Called Strike
2-2: DOUBLE (Line Drive, 78D)
Batting: LHB Jesús Miranda 0-0: Foul Ball, location: 2F
0-1: Ball
1-1: Ball
2-1: Foul Ball, location: 2F
2-2: Ball
3-2: Strikes out swinging
Top of the 5th over - 5 runs, 6 hits, 0 errors, 1 left on base; Elkins 9 - Indian Hills 3
BOTTOM OF THE 5TH
Indian Hills Voodoo batting - Pitching for Elkins Sting Rays : LHP Reed MacIntosh
Batting: LHB Tomás Gonzáles 0-0: Called Strike
0-1: DOUBLE (Flyball, 8RXD)
Batting: RHB Enrique García 0-0: Ball
1-0: Fly out, F1 (Line Drive, 15)
Batting: RHB Alejandro Dalumba 0-0: Ball
Tomás Gonzáles steals 3rd base
1-0: Called Strike
1-1: Called Strike
Steal of home, Tomás Gonzáles is out
1-2: Ball
2-2: Foul Ball, location: 2F
2-2: Strikes out swinging
Bottom of the 5th over - 0 runs, 1 hit, 0 errors, 0 left on base; Elkins 9 - Indian Hills 3
TOP OF THE 6TH
Elkins Sting Rays batting - Pitching for Indian Hills Voodoo : RHP Ángel Quińones
Batting: LHB Dax Valdéz 0-0: Foul Ball, location: 2F
0-1: Ball
1-1: Swinging Strike
1-2: Ball
2-2: Foul Ball, location: 2F
2-2: Strikes out looking
Batting: RHB Emery Cooper 0-0: Ball
1-0: Called Strike
1-1: Foul Ball, location: 2F
1-2: Strikes out swinging
Batting: LHB Bruce Shelton 0-0: Ball
1-0: Called Strike
1-1: Foul Ball, location: 2F
1-2: Ball
2-2: Strikes out looking
Top of the 6th over - 0 runs, 0 hits, 0 errors, 0 left on base; Elkins 9 - Indian Hills 3
BOTTOM OF THE 6TH
Indian Hills Voodoo batting - Pitching for Elkins Sting Rays : LHP Reed MacIntosh
Batting: RHB Juan Romero 0-0: Ground out 6-3 (Groundball, 6)
Batting: RHB Thad Hunter 0-0: Ball
1-0: Ball
2-0: Fly out, F8 (Flyball, 78D)
Batting: RHB Nelson Zavala 0-0: Called Strike
0-1: SINGLE (Groundball, 3) (infield hit)
Batting: LHB Dave Wilkinson 0-0: Swinging Strike
0-1: Ball
1-1: SINGLE (Groundball, 4MD)
Nelson Zavala to second
Runner from 2nd tries for 3rd, SAFE, no throw
Batting: RHB Tim Wise 0-0: Swinging Strike
0-1: Ball
1-1: Ball
2-1: Fly out, F8 (Line Drive, 8RM)
Bottom of the 6th over - 0 runs, 2 hits, 0 errors, 2 left on base; Elkins 9 - Indian Hills 3
TOP OF THE 7TH
Elkins Sting Rays batting - Pitching for Indian Hills Voodoo : RHP Ángel Quińones
Batting: RHB Tulu Mbita 0-0: Ball
1-0: Reached on error, E6 (Groundball, 6)
Batting: RHB Félix Chávez 0-0: Foul Ball, location: 2F
0-1: DOUBLE (Flyball, 89XD)
Tulu Mbita scores
Batting: RHB César López 0-0: Ball
1-0: Swinging Strike
1-1: Ball
2-1: SINGLE (Groundball, 34D)
Félix Chávez to third
Runner from 3rd tries for Home, SAFE, no throw
Batting: RHB Joe Davis 0-0: Called Strike
0-1: Ball
1-1: Ground out 6-3 (Groundball, 6M)
César López to second
Batting: LHB Rafael Carrión 0-0: Called Strike
0-1: Ball
1-1: Called Strike
1-2: Ball
2-2: Strikes out swinging
Batting: LHB Jesús Miranda 0-0: Ball
1-0: Ground out 6-3 (Groundball, 6)
Top of the 7th over - 2 runs, 2 hits, 1 error, 1 left on base; Elkins 11 - Indian Hills 3
BOTTOM OF THE 7TH
Indian Hills Voodoo batting - Pitching for Elkins Sting Rays : LHP Reed MacIntosh
Batting: RHB Jake Holmes 0-0: Ball
1-0: Foul Ball, location: 2F
1-1: Swinging Strike
1-2: Fly out, F5 (Popup, 56)
Batting: LHB Tomás Gonzáles 0-0: Foul Ball, location: 2F
0-1: Called Strike
0-2: DOUBLE (Groundball, 3L)
Batting: RHB Enrique García 0-0: Ball
1-0: Ball
2-0: Fly out, F7 (Flyball, 78M)
Pitching: RHP John Huff
Batting: RHB Alejandro Dalumba 0-0: Foul Ball, location: 2F
0-1: Swinging Strike
0-2: Strikes out swinging
Bottom of the 7th over - 0 runs, 1 hit, 0 errors, 1 left on base; Elkins 11 - Indian Hills 3
TOP OF THE 8TH
Elkins Sting Rays batting - Pitching for Indian Hills Voodoo : RHP Ángel Quińones
Batting: LHB Dax Valdéz 0-0: Called Strike
0-1: Ground out 6-3 (Groundball, 6D)
Batting: RHB Emery Cooper 0-0: Ball
1-0: SINGLE (Line Drive, 56D)
Batting: LHB Bruce Shelton 0-0: Foul Ball, location: 2F
0-1: Ball
1-1: Foul Ball, location: 2F
1-2: Ball
2-2: Grounds into double play, 6-4-3 (Groundball, 6)
Top of the 8th over - 0 runs, 1 hit, 0 errors, 0 left on base; Elkins 11 - Indian Hills 3
BOTTOM OF THE 8TH
Indian Hills Voodoo batting - Pitching for Elkins Sting Rays : RHP John Huff
Batting: RHB Juan Romero 0-0: Called Strike
0-1: Called Strike
0-2: Foul Ball, location: 2F
0-2: Strikes out swinging
Batting: RHB Thad Hunter 0-0: Called Strike
0-1: Foul Ball, location: 2F
0-2: Ball
1-2: Strikes out looking
Batting: RHB Nelson Zavala 0-0: Called Strike
0-1: SINGLE (Line Drive, 8RS)
Batting: LHB Dave Wilkinson 0-0: Swinging Strike
0-1: Called Strike
0-2: Ball
1-2: Ball
2-2: Foul Ball, location: 2F
2-2: Strikes out swinging
Bottom of the 8th over - 0 runs, 1 hit, 0 errors, 1 left on base; Elkins 11 - Indian Hills 3
TOP OF THE 9TH
Elkins Sting Rays batting - Pitching for Indian Hills Voodoo : RHP Ángel Quińones
Pitching: LHP Juan Carlos García
Batting: RHB Tulu Mbita 0-0: Foul Ball, location: 2F
0-1: Ball
1-1: Ball
2-1: Called Strike
2-2: Fly out, F8 (Line Drive, 8LS)
Batting: RHB Félix Chávez 0-0: Ball
1-0: Foul Ball, location: 2F
1-1: Ground out 3-1 (Groundball, 34S)
Batting: RHB César López 0-0: Ball
1-0: Swinging Strike
1-1: Swinging Strike
1-2: Ball
2-2: Foul Ball, location: 2F
2-2: DOUBLE (Line Drive, 78D)
Batting: RHB Joe Davis 0-0: Foul Ball, location: 2F
0-1: Ball
1-1: Ball
Balk!
César López to third
2-1: Foul Ball, location: 2F
2-2: Ball
3-2: Foul Ball, location: 2F
3-2: Foul Ball, location: 2F
3-2: Foul Ball, location: 2F
3-2: Foul Ball, location: 2F
3-2: Base on Balls
Batting: LHB Rafael Carrión 0-0: Ball
1-0: Ball
2-0: Swinging Strike
2-1: Foul Ball, location: 2F
2-2: Strikes out swinging
Top of the 9th over - 0 runs, 1 hit, 0 errors, 2 left on base; Elkins 11 - Indian Hills 3
BOTTOM OF THE 9TH
Indian Hills Voodoo batting - Pitching for Elkins Sting Rays : RHP John Huff
Now at C: Wayne Morgan
Batting: RHB Tim Wise 0-0: Ball
1-0: SINGLE (Line Drive, 8LS)
Batting: RHB Jake Holmes 0-0: Called Strike
0-1: Called Strike
0-2: Foul Ball, location: 2F
0-2: Ball
1-2: Strikes out looking
Batting: LHB Tomás Gonzáles 0-0: Ball
1-0: Ball
2-0: Called Strike
2-1: Foul Ball, location: 2F
2-2: Strikes out swinging
Batting: RHB Enrique García 0-0: Called Strike
0-1: Called Strike
0-2: Strikes out swinging
Bottom of the 9th over - 0 runs, 1 hit, 0 errors, 1 left on base; Elkins 11 - Indian Hills 3
Saturday, April 7th, 2018 - OOTP Baseball 18.8 Build 76